 Dungeon Crawl Stone Soup version 0.30-a0-576-g89cddaab80 (webtiles) character file.

Game seed: 16728777175084896522

40 Newt the Trooper (level 3, -11/29 HPs)
             Began as a Demonspawn Gladiator on Dec 30, 2022.
             Killed from afar by Jessica (14 damage)
             ... with a bolt of light
             ... on level 2 of the Dungeon.
             The game lasted 00:01:26 (848 turns).

Newt the Trooper (Demonspawn Gladiator)              Turns: 848, Time: 00:01:27

Health: -11/29     AC:  3    Str: 16    XL:     3   Next: 30%
Magic:  3/3        EV: 13    Int:  9    God:
Gold:   12         SH:  0    Dex: 20    Spells: 2/2 levels left

rFire   . . .      SeeInvis .    a - +0 rapier
rCold   . . .      Faith    .    (no shield)
rNeg    . . .      Spirit   .    b - +0 leather armour
rPois   .          Reflect  .    (helmet restricted)
rElec   .          Harm     .    (no cloak)
rCorr   .          Rampage  .    (no gloves)
Will    .....                    (no boots)
Stlth   +                        (no amulet)
HPRegen 0.24/turn                g - +6 ring of dexterity
MPRegen 0.08/turn                (no ring)

@: confused, slowed, very slow
A: antennae 2
a: no special abilities


You were on level 2 of the Dungeon.
You visited 1 branch of the dungeon, and saw 3 of its levels.

You collected 12 gold pieces.

Inventory:

Hand Weapons
 a - a +0 rapier (weapon)
Missiles
 d - 2 throwing nets (quivered)
 j - 6 boomerangs of dispersal
 k - 9 stones
Armour
 b - a +0 leather armour (worn)
 c - a +0 helmet
Jewellery
 g - a +6 ring of dexterity (left hand)
Scrolls
 e - a scroll of blinking {unknown}
Potions
 f - 2 potions of brilliance {unknown}
 h - a potion of degeneration {unknown}
 i - a potion of curing


   Skills:
 + Level 3.0 Fighting
 - Level 2.6 Short Blades
 - Level 1.7 Throwing
 - Level 2.6 Dodging
 - Level 2.0 Stealth


You had 2 spell levels left.
You didn't know any spells.
Your spell library contained the following spells:

 Spells                   Type           Power      Damage    Failure   Level
 Dazzling Flash           Conj/Hex       0%         N/A       83%         3
 Agony                    Necr           0%         N/A       100%        5
 Silence                  Hex/Air        0%         N/A       100%        5


Dungeon Overview and Level Annotations

Branches:
Dungeon (3/15)

Altars:

Annotations:
D:2 Jessica


Innate Abilities, Weirdness & Mutations

You have a pair of antennae on your head.


Message History

You hit Natasha.
Natasha is heavily wounded.
Natasha claws you.
You hit Natasha.
Natasha is almost dead.
Natasha casts a spell at you.
You feel yourself slow down.
You closely miss Natasha.
Natasha is almost dead.
Natasha drinks a potion.
Natasha is healed!
You hit Natasha.
Natasha is severely wounded.
Jessica grins evilly.
Natasha claws you. x2
You hit Natasha.
Natasha is almost dead.
Natasha casts a spell at you.
You feel as though you will be slow longer.
You barely miss Natasha.
Natasha is almost dead.
Natasha stares at you and mumbles some strange words.
The magic dart hits you!
* * * LOW HITPOINT WARNING * * *
Natasha stares at you and mumbles some strange words.
The magic dart hits you but does no damage.
Throw: 3 throwing nets
Press: ? - help, Shift-Dir - straight line, f - Natasha
Aim: Natasha (almost dead, 56% to hit)
You throw a throwing net.
The throwing net closely misses Natasha.
The throwing net hits Jessica.
Jessica is caught in the net!
Jessica struggles against the net.
Natasha closely misses you.
Jessica struggles against the net.
You hit Natasha.
You kill Natasha!
Natasha screams in pain as she dies!
The white imp disappears in a puff of smoke!
Jessica zaps a wand.
The bolt of light hits you!
You are confused.
You die...

##########
#..†.....#
#.######.#
#@# #.# #†#
#.# #@#
#.#####
.......§.#
#.#...#
....@....#
#.#...#
.........#
#.#...#####
.>.......#
#.'...'....
#######+##
#####...#####
.............


You could see Jessica (fast, caught).

Vanquished Creatures
  Natasha (D:2)
  Robin (D:2)
  2 bats (D:1)
  5 hobgoblins
  3 kobolds
  A quokka (D:1)
  3 ball pythons
  A frilled lizard (D:1)
  8 goblins
  2 rats (D:1)
27 creatures vanquished.

Notes
Turn   | Place    | Note
-------+----------+-------------------------------------------
     0 | D:1      | Newt the Demonspawn Gladiator began the quest for the Orb.
     0 | D:1      | Reached XP level 1. HP: 16/16 MP: 1/1
    50 | D:1      | Reached skill level 1 in Stealth
   219 | D:1      | Gained mutation: You have a pair of small antennae on your
                  | head. [demonic ancestry]
   219 | D:1      | Reached XP level 2. HP: 22/22 MP: 2/2
   559 | D:1      | You fall into a shaft and drop 1 floor!
   597 | D:2      | Noticed Robin
   751 | D:2      | Gained mutation: You have a pair of antennae on your head.
                  | [demonic ancestry]
   751 | D:2      | Reached XP level 3. HP: 26/28 MP: 3/3
   756 | D:2      | Killed Robin
   757 | D:2      | Reached skill level 3 in Fighting
   817 | D:2      | Noticed Natasha
   817 | D:2      | Noticed Jessica
   848 | D:2      | Killed Natasha
   848 | D:2      | Killed from afar by Jessica

Illustrated notes

Levels and vault maps discovered:
D:1:      minmay_arrival_cross, layout_basic, minmay_misc_feat_doors,
          grunt_decor_resistance, minmay_tromino_v4_b
D:2:      layout_basic, dreamdust_ecumenical_altar_drowned_temple,
          chequers_serial_rivers_large_a, uniq_natasha, uniq_jessica, uniq_robin
D:3:      layout_rooms, ebering_ghost_sewer_d

Skill      XL: |  1  2  3 |
---------------+----------+-----
Stealth        | 1 2 |  2.0
Fighting       | 3 |  3.0
Short Blades   | |  2.6
Throwing       | |  1.7
Dodging        | |  2.6

Action                   || total
-------------------------++-------
Melee: Rapier            ||    84
Throw: Javelin           ||     1
       Throwing net      ||     1
Armor: Leather armour    ||    15
Dodge: Dodged            ||    52

Table legend: (Time is in decaauts)
 A = Elapsed time spent in this place.
 B = Non-inter-level travel time spent in this place.
 C = Inter-level travel time spent in this place.
 D = Time resting spent in this place.
 E = Time spent auto-exploring this place.
 F = Levels seen in this place.
 G = Mean time per level.
                   A        B        C        D        E       F      G
               +--------+--------+--------+--------+--------+-----+--------+
         Total |    856 |    856 |      0 |    110 |    539 |   3 |  285.3 |
       Dungeon |    856 |    856 |      0 |    110 |    539 |   3 |  285.3 |
               +--------+--------+--------+--------+--------+-----+--------+

Top non-repeatable levels by time:
     D:1: 561 daAuts
     D:2: 178 daAuts
     D:3: 116 daAuts
